 Dungeon Crawl Stone Soup version 0.31-a0-940-gdaa99269f9 (webtiles) character file.

Game seed: 15121414276817432737

3917 omnomnOMINOUS the Fighter (level 10, -11/72 HPs)
             Began as an Octopode Wanderer on Oct 20, 2023.
             Was an Initiate of Gozag.
             Mangled by a komodo dragon (29 damage)
             ... on level 9 of the Dungeon.
             The game lasted 00:32:37 (11327 turns).

omnomnOMINOUS the Fighter (Octopode Wanderer)      Turns: 11327, Time: 00:32:38

Health: -11/72     AC:  2    Str: 10    XL:     10   Next: 20%
Magic:  18/18      EV: 16    Int: 20    God:    Gozag
Gold:   984        SH:  4    Dex: 12    Spells: 12/20 levels left

rFire   . . .        a - +2 dagger (venom)
rCold   + . .        (no shield)
rNeg    . . .        p - +1 hat
rPois   .            (no amulet)
rElec   .            n - ring of see invisible
rCorr   .            j - ring of willpower
SInv    +            M - ring of protection from cold
Will    +....        (no ring)
Stlth   +++          (no ring)
HPRegen 0.32/turn    (no ring)
MPRegen 0.16/turn    (no ring)
                     (no ring)

%: no passive effects
@: no status effects
A: almost no armour, amphibious, 8 rings, camouflage 1, gelatinous body 1,
(nimble swimmer 1), tentacles, large bone plates 1
a: Renounce Religion, Potion Petition, Call Merchant, Bribe Branch


You were on level 9 of the Dungeon.
You worshipped Gozag.
Gozag was pleased with you.
You visited 1 branch of the dungeon, and saw 9 of its levels.
You also visited: Sewer.

You collected 1543 gold pieces.
You spent 414 gold pieces at shops.
You paid 145 gold pieces to Gozag.

Inventory:

Hand Weapons
 a - a +2 dagger of venom (weapon)
 b - a +0 short sword of electrocution
 c - a +1 short sword of venom
 E - a +2 broad axe of flaming
Missiles
 o - 38 poisoned darts (quivered)
 D - a curare-tipped dart
Armour
 p - a +1 hat (worn)
Magical Staves
 u - a staff of air
Jewellery
 j - a ring of willpower (right tentacle)
 n - a ring of see invisible (left tentacle)
 M - a ring of protection from cold (on tentacle)
Talismans
 s - a maw talisman
 v - a flux talisman
Wands
 q - a wand of quicksilver (5)
 r - a wand of flame (27)
 I - a wand of paralysis (1)
 K - a wand of mindburst (3)
Scrolls
 d - 3 scrolls of vulnerability
 e - 2 scrolls of blinking
 g - a scroll of torment
 h - 3 scrolls of enchant weapon
 i - a scroll of amnesia
 k - 2 scrolls of poison
 l - 2 scrolls of enchant armour
 w - 2 scrolls of silence {unknown}
 x - a scroll of immolation {unknown}
 y - a scroll of brand weapon {unknown}
 A - 3 scrolls of teleportation
 C - 2 scrolls of fog
 G - 3 scrolls of identify
 L - 2 scrolls of noise {unknown}
 N - a scroll of revelation
Potions
 f - 5 potions of ambrosia
 m - 3 potions of mutation
 t - a potion of heal wounds
 B - a potion of lignification
 F - 3 potions of brilliance
 H - a potion of attraction {unknown}
 J - a potion of haste


   Skills:
 + Level 8.3 Fighting
 - Level 2.0 Axes
 - Level 2.0 Throwing
 + Level 8.0 Dodging
 - Level 2.6 Stealth
 + Level 5.8 Unarmed Combat
 - Level 5.5 Spellcasting
 - Level 2.0 Transmutations
 * Level 5.4 Shapeshifting


You had 12 spell levels left.
You knew the following spells:

 Your Spells              Type           Power      Damage    Failure   Level
a - Sting                 Tmut/Pois      36%        1d4       8%          1
b - Wereblood             Tmut           13%        N/A       8%          2
c - Passwall              Tmut/Erth      7%         N/A       11%         2
d - Swiftness             Air            5%         N/A       32%         3

Your spell library contained the following spells:

 Spells                   Type           Power      Damage    Failure   Level
 Shock                    Conj/Air       20%        1d4       11%         1
 Ensorcelled Hibernation  Hex/Ice        10%        N/A       17%         2
 Jinxbite                 Hex            10%        N/A       17%         2
 Gell's Gravitas          Tloc           5%         N/A       32%         3
 Inner Flame              Hex/Fire       5%         N/A       32%         3
 Teleport Other           Tloc           5%         N/A       32%         3
 Volatile Blastmotes      Fire/Tloc      10%        2d10      32%         3
 Airstrike                Air            2%         2d(1-17)  73%         4
 Anguish                  Hex/Necr       2%         N/A       73%         4
 Fulminant Prism          Conj/Hex       2%         3d5       73%         4
 Iskenderun's Mystic Bla  Conj/Tloc      5%         2d3       73%         4
 Vhi's Electric Charge    Tloc/Air       10%        N/A       73%         4
 Yara's Violent Unravell  Hex/Tmut       4%         3d4       90%         5
 Arcjolt                  Conj/Air       2%         1d12      97%         5
 Dispersal                Tloc           2%         N/A       100%        6
 Plasma Beam              Fire/Air       2%         2x1d12    100%        6
 Enfeeble                 Hex            2%         N/A       100%        7


Dungeon Overview and Level Annotations

Branches:
Dungeon (9/15)             Temple (0/1) D:6           Sewer (visited)
   Lair: D:8-11         Orc: D:9-12

Altars:
Ashenzari
Dithmenos
Gozag
Makhleb
Okawaru
Qazlal
Ru
Trog
Xom
Zin
The Shining One

Shops:
D:1 :   D:7 *

Annotations:
D:3 2 runed translucent doors
D:4 2 transporters
D:7 exclusion: hornet
D:9 exclusion: two-headed ogre


Innate Abilities, Weirdness & Mutations

You cannot wear most types of armour.
You are amphibious.
You can wear up to eight rings at the same time.
Your skin changes colour to match your surroundings (Stealth+).
Your rubbery body absorbs attacks. (AC +1, EV +1)
((You are camouflaged when in or above water. (Stealth+)))
You have tentacles for arms and can constrict up to eight enemies at once.
You are partially covered in large bone plates. (SH +4)


Message History

Okay, then.
Unknown command.
Press: ? - help, v - describe, . - travel
Here: a komodo dragon (moderately wounded, extremely poisoned)
The floor, spattered with blood.
Unknown command.
Okay, then.
Unknown command. [a] - 651 gold - haste, resistance, curing and magic [b] - 460 gold - haste and resistance [c] - 120 gold - heal wounds Purchase which effect?
You feel much better. The komodo dragon bites you!!
You hit the komodo dragon but do no damage.
The komodo dragon looks as sick as possible!
The komodo dragon is heavily wounded.
The komodo dragon misses you.
You hit the komodo dragon but do no damage.
The komodo dragon looks as sick as possible!
The komodo dragon is heavily wounded.
The komodo dragon bites you but does no damage.
You hit the komodo dragon but do no damage.
The komodo dragon looks as sick as possible!
You squeeze the komodo dragon!
The komodo dragon is severely wounded.
The komodo dragon barely misses you.
You hit the komodo dragon.
The komodo dragon looks as sick as possible!
Your squeeze misses the komodo dragon.
The komodo dragon is almost dead.
The komodo dragon bites you!
* * * LOW HITPOINT WARNING * * *
Unknown command.
Aiming: Mindburst
Press: ? - help, Shift-Dir - straight line, f - komodo dragon
Aim: a komodo dragon (almost dead, extremely poisoned, chance to affect: 47%)
The komodo dragon resists with some effort.
The komodo dragon bites you!!
You die...
Your body crumbles into a pile of gold.

####### ......# .#<...#
. .....## ...
.....######### ####..#
.#...........###@l.#
...######.###...####
...'..# ### #####
.#.#..# ...#..#
####..##############
#########
#.....#.......#....####
#........
#.....#.#........#....#
#.....#..
#.....#......###.#..#.#
#.#...#..


You could see a komodo dragon (extremely poisoned).

Vanquished Creatures
  Maggie (D:6)
  A hornet (D:9)
  2 steam dragons
  3 black bears
  Duvessa (D:4)
  An orc warrior (D:5)
  5 ice beasts
  An ogre (D:5)
  Blork the orc (D:6)
  4 bullfrogs
  6 kobold brigands
  A scorpion (D:6)
  Dowan (D:4)
  4 killer bees (D:9)
  3 howler monkeys
  3 jellies
  2 hounds
  5 orc priests
  A sleepcap (D:5)
  2 gnoll boudas
  3 iguanas (D:5)
  Natasha (thrice) (D:3)
  3 orc wizards
  Robin (D:2)
  16 adders
  8 gnolls
  A river rat (Sewer)
  A shadow imp (D:6)
  A white imp (D:6)
  4 worms
  3 dart slugs
  37 orcs
  10 ball pythons
  8 endoplasms
  3 giant cockroaches
  15 goblins
  9 hobgoblins
  18 kobolds
  A quokka (D:5)
  7 bats
  5 frilled lizards
  5 rats
210 creatures vanquished.

Notes
Turn   | Place    | Note
-------+----------+-------------------------------------------
     0 | D:1      | omnomnOMINOUS the Octopode Wanderer began the quest for the
                  | Orb.
     0 | D:1      | omnomnOMINOUS set off with the following items: a +0 hand
                  | axe, a +0 hat, a scroll of fog; and the following spell
                  | memorised: Sting; and the following spells available to
                  | memorise: Wereblood, Passwall.
     0 | D:1      | Reached XP level 1. HP: 13/13 MP: 2/2
   231 | D:1      | Reached XP level 2. HP: 10/18 MP: 3/3
   343 | D:1      | Reached skill level 1 in Dodging
   595 | D:1      | Reached skill level 1 in Unarmed Combat
   597 | D:1      | Reached XP level 3. HP: 19/24 MP: 4/4
   796 | D:1      | Found a faded altar of an unknown god.
   858 | D:1      | Found Guahowaz's Book Emporium.
   919 | D:2      | Reached skill level 5 in Spellcasting
   919 | D:2      | Reached XP level 4. HP: 11/36 MP: 4/11
  1480 | D:2      | Noticed Robin
  1518 | D:2      | Killed Robin
  1519 | D:2      | Reached XP level 5. HP: 32/42 MP: 13/13
  1814 | D:2      | Found an opulent altar of Gozag.
  1942 | D:2      | Became a worshipper of Gozag Ym Sagoz the Greedy
  2224 | D:3      | Found a glowing golden altar of the Shining One.
  2488 | D:3      | Noticed Natasha
  2492 | D:3      | Killed Natasha
  2541 | D:3      | Found a large runed translucent door.
  2542 | D:3      | Found a large runed translucent door.
  2542 | D:3      | Found a shimmering altar of Xom.
  2777 | D:3      | Noticed Natasha
  2783 | D:3      | Killed Natasha
  2784 | D:3      | Reached XP level 6. HP: 26/47 MP: 14/14
  2843 | D:3      | Noticed Natasha
  2857 | D:3      | Killed Natasha
  3057 | D:4      | Found a transporter.
  3062 | D:4      | Noticed a black bear
  3625 | D:4      | Found a transporter.
  3674 | D:4      | Noticed Dowan
  3678 | D:4      | Noticed Duvessa
  3913 | D:4      | Gained mutation: You are partially covered in large bone
                  | plates. (SH +4) [potion of mutation]
  3917 | D:4      | Killed a black bear
  3918 | D:4      | Reached XP level 7. HP: 44/53 MP: 15/15
  3957 | D:4      | Killed Duvessa
  3963 | D:4      | Killed Dowan
  4268 | D:5      | Entered Level 5 of the Dungeon
  4284 | D:5      | Learned a level 2 spell: Wereblood
  4287 | D:5      | Learned a level 2 spell: Passwall
  4551 | D:5      | Reached XP level 8. HP: 44/60 MP: 16/16
  4717 | D:5      | Reached skill level 1 in Shapeshifting
  5906 | D:6      | Found a glowing drain.
  6095 | Sewer    | Entered a sewer
  6263 | Sewer    | Reached XP level 9. HP: 50/64 MP: 17/17
  6846 | D:6      | Noticed Maggie
  6864 | D:6      | Killed Maggie
  6865 | D:6      | Reached skill level 5 in Unarmed Combat
  7649 | D:6      | Found a staircase to the Ecumenical Temple.
  7842 | D:6      | Found a shadowy altar of Dithmenos.
  7873 | D:6      | Found an iron altar of Okawaru.
  8152 | D:6      | Noticed Blork the orc
  8164 | D:6      | Killed Blork the orc
  8466 | D:7      | Noticed a hornet
  8557 | D:7      | Found Amidec's General Store.
  8778 | D:7      | Bought 2 potions of haste for 280 gold pieces
  8778 | D:7      | Bought a wand of mindburst (4) for 78 gold pieces
  8778 | D:7      | Bought a potion of brilliance for 56 gold pieces
  9100 | D:7      | Found a glowing silver altar of Zin.
  9280 | D:7      | Found a bloodstained altar of Trog.
  9280 | D:7      | Found a broken altar of Ashenzari.
 10079 | D:8      | Learned a level 3 spell: Swiftness
 10102 | D:8      | Reached XP level 10. HP: 72/72 MP: 18/18
 10145 | D:8      | Reached skill level 5 in Shapeshifting
 10279 | D:8      | Found a stormy altar of Qazlal.
 10284 | D:8      | Found a burning altar of Makhleb.
 10284 | D:8      | Found a sacrificial altar of Ru.
 10732 | D:9      | Noticed a two-headed ogre
 11327 | D:9      | Mangled by a komodo dragon

Illustrated notes

Levels and vault maps discovered:
D:1:      ncdulo_lavacross, layout_basic, serial_shops, shop,
          hellmonk_ecumenical_altar_inner_sanctum,
          nicolae_concentric_dashed_squares_wild, minmay_tetromino_t4
D:2:      layout_loops_ring, serial_aquarium, aquarium_bridge_square
          [aquarium_subvault_wall, aquarium_subvault_bridge,
          aquarium_subvault_bridge, aquarium_subvault_bridge],
          aquarium_bridge_long_joined [aquarium_subvault_bridge,
          aquarium_subvault_balcony, aquarium_subvault_wall,
          aquarium_subvault_window, aquarium_subvault_bridge,
          aquarium_subvault_wall], aquarium_window_1, aquarium_window_1,
          aquarium_view_2b, aquarium_balcony_5b, basic_altar, uniq_robin
D:3:      due_chaos_kobolds, layout_basic, tso_altar, minmay_cut_off,
          uniq_natasha
D:4:      gammafunk_steamed_eel, layout_loops_ring, st_stairs_12, uniq_duvessa
D:5:      layout_basic, minmay_fractal_squares_diagonal_5
D:6:      layout_basic, mainiacjoe_overflow_two_lobes, minmay_temple_entry_tees,
          gup_sewer_entry_glass, uniq_blork_the_orc, uniq_maggie
D:7:      layout_basic, mainiacjoe_overflow_six_doors_small,
          gammafunk_temple_overflow_wave, serial_shops, nicolae_stop_n_shop_2
D:8:      layout_rooms, minmay_overflow_temple_star_hex
D:9:      layout_stronghold, erik_lair_dragon, serial_demonic, serial_demonic_a,
          serial_demonic_g, serial_demonic_c, serial_demonic_g

Skill      XL: |  1  2  3  4  5  6  7  8  9 10 |
---------------+-------------------------------+-----
Dodging        | 1 6 7 8 |  8.0
Unarmed Combat | 1 2 3 4 5 |  5.8
Fighting       | 6 7 8 |  8.3
Spellcasting   | 5 |  5.5
Shapeshifting  | 3 4 5 |  5.4
Axes           | |  2.0
Throwing       | |  2.0
Stealth        | |  2.6
Transmutations | |  2.0

Action                     |  1- 3 |  4- 6 |  7- 9 | 10-12 || total
---------------------------+-------+-------+-------+-------++-------
  Melee: Hand axe          |    53 |    95 |       |       ||   148
         Constrict         |    12 |    33 |    81 |     2 ||   128
         Tentacles         |     5 |    30 |   111 |     8 ||   154
         Punch             |       |     7 |    12 |     1 ||    20
         Dagger            |       |    67 |   348 |    46 ||   461
  Throw: Dart              |       |       |    10 |     1 ||    11
   Cast: Wereblood         |       |       |     6 |     1 ||     7
 Invoke: Potion Petition   |       |       |       |     1 ||     1
  Evoke: Wand              |       |     1 |     9 |    14 ||    24
    Use: Potion            |     1 |     4 |     2 |     4 ||    11
         Scroll            |       |       |    10 |     2 ||    12
   Stab: Sleeping          |     9 |    10 |     5 |       ||    24
         Paralysed         |       |       |     4 |     2 ||     6
         Distracted        |       |       |     2 |       ||     2
 Armour: Skin              |    31 |    86 |   142 |    62 ||   321
  Dodge: Dodged            |    28 |   116 |   175 |    51 ||   370
  Block: Other             |       |       |    39 |    10 ||    49

Table legend: (Time is in decaauts)
 A = Elapsed time spent in this place.
 B = Non-inter-level travel time spent in this place.
 C = Inter-level travel time spent in this place.
 D = Time resting spent in this place.
 E = Time spent auto-exploring this place.
 F = Levels seen in this place.
 G = Mean time per level.
                   A        B        C        D        E       F      G
               +--------+--------+--------+--------+--------+-----+--------+
         Total |  11327 |  10888 |    439 |   3047 |   5272 |  10 | 1132.7 |
       Dungeon |  10864 |  10425 |    439 |   2953 |   5085 |   9 | 1207.1 |
         Sewer |    463 |    463 |      0 |     94 |    187 |   1 |  463.0 |
               +--------+--------+--------+--------+--------+-----+--------+

Top non-repeatable levels by time:
     D:6: 2172 daAuts
     D:5: 1373 daAuts
     D:7: 1331 daAuts
     D:4: 1191 daAuts
     D:2: 1142 daAuts
     D:3: 1108 daAuts
     D:1: 1071 daAuts
     D:8: 771 daAuts
     D:9: 702 daAuts
   Sewer: 463 daAuts
